 Dungeon Crawl Stone Soup version 0.28.0-45-g0d030f2227 (webtiles) character file.

Game seed: 2511627672646418794

4472 protoss039 the Thaumaturge (level 10, 0/53 HPs)
             Began as a Deep Elf Air Elementalist on Apr 4, 2022.
             Slain by an orange demon (6 damage)
             ... summoned by a kobold demonologist
             ... in a bailey.
             The game lasted 00:20:53 (8096 turns).

protoss039 the Thaumaturge (DEAE)                   Turns: 8096, Time: 00:20:54

Health: 0/53       AC:  7    Str:  5    XL:     10   Next: 15%
Magic:  3/28       EV: 17    Int: 25    God:
Gold:   368        SH:  0    Dex: 15    Spells: 13/34 levels left

rFire   . . .      SeeInvis .   s - +4 quarterstaff (chaos)
rCold   . . .      Faith    .   (shield currently unavailable)
rNeg    + + .      Spirit   .   k - +1 robe {rN+}
rPois   +          Reflect  .   j - +1 helmet of Sunlight {*Slow Fly rPois rN+}
rElec   .          Harm     .   t - +1 cloak
rCorr   .          Rampage  .   (no gloves)
Will    +....                   (no boots)
Stlth   ++........              b - amulet of regeneration
HPRegen 0.97/turn               e - +4 ring of evasion
MPRegen 0.21/turn               (no ring)

@: about to teleport, flying
A: no striking features
a: no special abilities


You were in a bailey.
You visited 2 branches of the dungeon, and saw 8 of its levels.
You also visited: Bailey.

You collected 368 gold pieces.

Inventory:

Hand Weapons
 s - a +4 quarterstaff of chaos (weapon)
 w - a +1 war axe of flaming
 z - a +2 whip of venom
 E - the +6 hand axe of the Modern Beggars {vorpal, +Blink Will++ Int-4 Stlth+}
   (You found it on level 7 of the Dungeon)

   It inflicts extra damage upon your enemies.
   Int:       It affects your intelligence (-4).
   +Blink:    It lets you blink.
   Will:      It greatly increases your willpower.
   Stlth:     It makes you more stealthy.
Armour
 j - the +1 helmet of Sunlight (worn) {*Slow Fly rPois rN+}
   (You found it on level 2 of the Dungeon)

   rPois:     It protects you from poison.
   rN:        It protects you from negative energy.
   Fly:       It grants you flight.
   *Slow:     It may slow you when you take damage.
 k - a +1 robe of positive energy (worn)
 t - a +1 cloak (worn)
 y - an orb of light
Jewellery
 b - an amulet of regeneration (around neck)
 e - a +4 ring of evasion (left hand)
Scrolls
 g - a scroll of brand weapon {unknown}
 h - 2 scrolls of magic mapping
 i - a scroll of teleportation
 m - 2 scrolls of vulnerability {unknown}
 n - 3 scrolls of identify
 q - a scroll of fear {unknown}
 v - a scroll of enchant weapon {unknown}
 A - 2 scrolls of amnesia
 B - a scroll of fog {unknown}
 C - a scroll of noise {unknown}
 D - a scroll of blinking {unknown}
Potions
 a - 2 potions of berserk rage {unknown}
 c - 2 potions of resistance
 d - 2 potions of mutation
 f - 2 potions of haste
 l - 2 potions of might {unknown}
 o - 2 potions of ambrosia {unknown}
 p - a potion of lignification {unknown}
 r - a potion of magic {unknown}
 u - a potion of curing
 x - a potion of heal wounds {unknown}


   Skills:
 * Level 1.9 Fighting
 - Level 3.0 Dodging
 - Level 3.0 Stealth
 + Level 12.5 Spellcasting
 + Level 6.9 Conjurations
 + Level 9.2 Air Magic
 * Level 2.6 Earth Magic


You had 13 spell levels left.
You knew the following spells:

 Your Spells              Type           Power      Damage    Failure   Level
a - Shock                 Conj/Air       100%       1d9       1%          1
b - Static Discharge      Conj/Air       54%        N/A       1%          2
c - Swiftness             Air            58%        N/A       1%          3
d - Airstrike             Air            29%        N/A       1%          4
e - Borgnjor's Vile Clut  Necr/Erth      11%        N/A       52%         5
f - Iron Shot             Conj/Erth      19%        9d4       63%         6

Your spell library contained the following spells:

 Spells                   Type           Power      Damage    Failure   Level
 Beastly Appendage        Tmut           30%        N/A       3%          1
 Freeze                   Ice            60%        1d8       3%          1
 Summon Small Mammal      Summ           60%        N/A       3%          1
 Wereblood                Tmut           15%        N/A       6%          2
 Iskenderun's Battlesphe  Conj           50%        2d10      6%          5
 Hailstorm                Conj/Ice       33%        3d8       9%          4
 Call Canine Familiar     Summ           15%        N/A       12%         3
 Frozen Ramparts          Ice            30%        1d5       12%         3
 Spider Form              Tmut/Pois      15%        N/A       12%         3
 Summon Guardian Golem    Hex/Summ       15%        N/A       12%         3
 Animate Dead             Necr           7%         N/A       36%         4
 Death Channel            Necr           7%         N/A       99%         6
 Spellforged Servitor     Conj/Summ      16%        N/A       100%        7


Dungeon Overview and Level Annotations

Branches:
Dungeon (7/15)             Temple (1/1) D:7          Bailey (1/1)

Altars:
Ashenzari
Cheibriados
Dithmenos
Elyvilon
Fedhas
Gozag
Hepliaklqana
Makhleb
Nemelex Xobeh
Okawaru
Qazlal
Ru
Trog
Uskayaw
Wu Jian
Xom
Yredelemnul
Zin

Annotations:
D:7 Menkaure


Message History

Really abort (and waste the scroll)?
Okay, then.
You feel very sick.
The kobold demonologist miscasts a cantrip.
The ufetubus misses you. The ufetubus hits you.
The ufetubus completely misses you. The ufetubus misses you.
The ynoxinul hits you. The orange demon stings you from afar!
* * * LOW HITPOINT WARNING * * *
The crimson imp spits at you. The crimson imp barely misses you.
Unknown command.
You feel better. The ufetubus closely misses you.
The ufetubus hits you but does no damage.
The ufetubus completely misses you. The ufetubus barely misses you.
The kobold demonologist hits you with a +0 broad axe.
* * * LOW HITPOINT WARNING * * *
The ynoxinul hits you but does no damage.
The orange demon misses you. The crimson imp misses you.
The ufetubus completely misses you. The ufetubus barely misses you.
The ufetubus hits you.
* * * LOW HITPOINT WARNING * * *
The ufetubus barely misses you.
Unknown command.
Unknown command.
Okay, then.
Okay, then.
Okay, then.
As you read the scroll labelled KEOSKU ECLAC, it crumbles to dust.
You feel strangely unstable.
It was a scroll of teleportation.
The kobold demonologist gestures wildly while chanting.
The quasit barely misses you.
The quasit claws you but does no damage.
The quasit closely misses you. The ufetubus closely misses you.
The ufetubus hits you but does no damage.
The ufetubus hits you.
* * * LOW HITPOINT WARNING * * *
The ufetubus misses you. The ynoxinul hits you.
* * * LOW HITPOINT WARNING * * *
The orange demon stings you from afar.
You die...

≈≈# #......)#).)..'....#≈≈≈≈≈#
≈≈# #.8)8.8.))....#....#≈≈≈≈≈#
≈≈######...##############.#≈≈≈≈≈#
≈≈≈.#......#.... +..#.≈≈≈≈≈≈#
≈≈≈.#..)...#.... #..#.≈≈≈≈≈≈#
≈≈≈.#''#####.... #..#.≈≈≈≈≈≈#
≈≈≈.#.....##....#########.≈≈≈≈≈≈#
....'.....##...5#5.8.8..#.≈≈≈≈≈≈#
....'.)⌠..##..55@5.......∩)≈≈≈≈≈#
....'.....##..3K#3.8.8..#.≈≈≈≈≈≈#
≈≈≈.#.....##...4#########.≈≈≈≈≈≈#
≈≈≈.#''#####.... #..#.≈≈≈≈≈≈#
≈≈≈.#......#.... #:!#.≈≈≈≈≈≈#
≈≈≈.#......#.... +?!#.≈≈≈≈≈≈#
≈≈######...##############.#≈≈≈≈≈#
≈≈#....#.8.8.8)'.....#....#≈≈≈≈≈#
≈≈#....#......)#..))))....#≈≈≈≈≈#


You could see an orange demon (summoned), a kobold demonologist, a smoke demon
(summoned), a ynoxinul (summoned), a quasit (summoned), a crimson imp
(summoned), a shadow imp (summoned) and 2 ufetubi.

Vanquished Creatures
  An orc knight (Bailey)
  Pikel (D:5)
  A kobold demonologist (Bailey)
  Edmund (D:6)
  An acid dragon (D:6)
  3 water moccasins
  A black bear (D:5)
  9 orc warriors (Bailey)
  A necrophage (D:5)
  An ogre (D:7)
  A hornet zombie (D:7)
  2 centaurs (D:5)
  A phantom (D:4)
  3 bullfrogs
  A scorpion (D:6)
  2 wyvern zombies (D:6)
  7 electric eels (Bailey)
  A bullfrog zombie (D:5)
  3 centaur skeletons
  3 hounds
  A jelly (D:5)
  Jessica (D:3)
  A gnoll shaman (D:6)
  An iguana (D:6)
  Crazy Yiuf (D:3)
  A hound zombie (D:5)
  A hound skeleton (D:4)
  12 gnolls
  Robin (D:3)
  7 adders
  3 adder skeletons (D:4)
  A worm (D:3)
  A dart slug (D:1)
  14 orcs
  5 ball pythons
  5 endoplasms
  5 giant cockroaches
  27 goblins
  11 hobgoblins
  6 kobolds
  3 quokkas
  7 bats
  6 frilled lizards
  A rat (D:1)
166 creatures vanquished.

Vanquished Creatures (others)
  A plant (D:3)
1 creature vanquished.

Grand Total: 167 creatures vanquished

Notes
Turn   | Place    | Note
-------+----------+-------------------------------------------
     0 | D:1      | protoss039 the Deep Elf Air Elementalist began the quest
                  | for the Orb.
     0 | D:1      | Reached XP level 1. HP: 10/10 MP: 6/6
   187 | D:1      | Reached XP level 2. HP: 15/15 MP: 6/8
   349 | D:1      | Found a faded altar of an unknown god.
   750 | D:1      | You fall into a shaft and drop 1 floor!
   821 | D:2      | Noticed a scorpion
   951 | D:2      | Learned a level 2 spell: Static Discharge
  1502 | D:2      | Found a bloodstained altar of Trog.
  1568 | D:2      | Reached XP level 3. HP: 19/19 MP: 9/9
  1572 | D:2      | Learned a level 3 spell: Swiftness
  1737 | D:2      | Identified the +1 helmet of Sunlight {*Slow Fly rPois rN+}
  1970 | D:3      | Noticed Jessica
  1976 | D:3      | Killed Jessica
  1977 | D:3      | Reached skill level 4 in Spellcasting
  1977 | D:3      | Reached XP level 4. HP: 13/24 MP: 7/12
  2040 | D:3      | Found a runed translucent door.
  2041 | D:3      | Noticed Crazy Yiuf
  2140 | D:3      | Found a faded altar of an unknown god.
  2144 | D:3      | Found a sparkling altar of Nemelex Xobeh.
  2501 | D:3      | Noticed Robin
  2508 | D:3      | Killed Robin
  3119 | D:3      | Reached XP level 5. HP: 22/28 MP: 3/14
  3231 | D:3      | Found a hazy altar of Hepliaklqana.
  3553 | D:3      | Learned a level 4 spell: Airstrike
  3585 | D:3      | Killed Crazy Yiuf
  3687 | D:4      | Reached skill level 5 in Spellcasting
  3879 | D:4      | Noticed a phantom
  3889 | D:4      | Killed a phantom
  3890 | D:4      | Reached XP level 6. HP: 18/32 MP: 3/16
  4031 | D:4      | Noticed a water moccasin
  4038 | D:4      | Killed a water moccasin
  4039 | D:4      | Reached skill level 6 in Spellcasting
  4187 | D:4      | Reached skill level 5 in Air Magic
  4190 | D:4      | Reached XP level 7. HP: 15/36 MP: 8/18
  4463 | D:5      | Entered Level 5 of the Dungeon
  4504 | D:5      | Reached skill level 7 in Spellcasting
  4872 | D:5      | Found a shimmering altar of Xom.
  4919 | D:5      | Reached skill level 8 in Spellcasting
  4919 | D:5      | Reached skill level 5 in Conjurations
  4919 | D:5      | Reached XP level 8. HP: 41/41 MP: 18/22
  5071 | D:5      | Noticed Pikel
  5474 | D:5      | Killed Pikel
  5475 | D:5      | Reached skill level 9 in Spellcasting
  5630 | D:6      | Found a basalt altar of Yredelemnul.
  6067 | D:6      | Noticed Edmund
  6076 | D:6      | Killed Edmund
  6077 | D:6      | Reached skill level 10 in Spellcasting
  6077 | D:6      | Reached XP level 9. HP: 35/45 MP: 8/25
  6872 | D:7      | Found a flagged portal.
  6928 | D:7      | Noticed Menkaure
  6954 | D:7      | Found a staircase to the Ecumenical Temple.
  6963 | Temple   | Entered the Ecumenical Temple
  7082 | D:7      | Identified the +6 hand axe of the Modern Beggars {vorpal,
                  | +Blink Will++ Int-4 Stlth+}
  7086 | Bailey   | Entered a bailey
  7154 | Bailey   | Reached skill level 11 in Spellcasting
  7428 | Bailey   | Acquired a book of Power
  7436 | Bailey   | Learned a level 5 spell: Borgnjor's Vile Clutch
  7443 | Bailey   | Learned a level 6 spell: Iron Shot
  7515 | Bailey   | Reached skill level 1 in Earth Magic
  7625 | Bailey   | Reached skill level 12 in Spellcasting
  7680 | Bailey   | Reached skill level 1 in Fighting
  7693 | Bailey   | Noticed an orc knight
  7859 | Bailey   | Killed an orc knight
  7860 | Bailey   | Reached XP level 10. HP: 53/53 MP: 0/28
  8078 | Bailey   | Found an iron altar of Okawaru.
  8092 | Bailey   | Noticed an orange demon
  8096 | Bailey   | Slain by an orange demon

Illustrated notes

Levels and vault maps discovered:
D:1:      matt_arrival_debris, layout_rooms, chequers_ecumenical_altar_island,
          corexii_leaking_fountain, interstate_on_off
D:2:      layout_loops_ring, basic_altar
D:3:      corexii_shack_village, layout_basic,
          nicolae_overflow_ecumenical_swirl, mainiacjoe_overflow_tiny_flanked,
          minmay_puff, uniq_robin, uniq_crazy_yiuf_cottage, uniq_jessica
D:4:      layout_rooms, minmay_splitting_lines, st_stairs_1, minmay_checkerbox
D:5:      layout_loops_cross, lemuel_coloured_pillars_altar, uniq_pikel
D:6:      layout_loops_corners, mainiacjoe_overflow_24_doors,
          roderic_roman_lattice, uniq_edmund
D:7:      layout_loops_ring, minmay_temple_entry_slanted, enter_bailey_2,
          uniq_menkaure, uniq_harold
Temple:   dshaligram_water_room_temple
Bailey:   bailey_axe_of_yendor_kennysheep, bailey

Skill      XL: |  1  2  3  4  5  6  7  8  9 |
---------------+----------------------------+-----
Dodging        | 3 |  3.0
Stealth        | 3 |  3.0
Spellcasting   | 4 5 6 8 10 12 | 12.5
Conjurations   | 2 3 4 5 6 |  6.9
Air Magic      | 4 5 6 7 9 |  9.2
Earth Magic    | 2 |  2.6
Fighting       | 1 |  1.9

Action                   |  1- 3 |  4- 6 |  7- 9 | 10-12 || total
-------------------------+-------+-------+-------+-------++-------
Melee: Unarmed           |    12 |       |       |       ||    12
       Whip              |     9 |       |       |       ||     9
       Short sword       |     4 |     9 |       |       ||    13
       Quarterstaff      |       |    32 |    37 |       ||    69
 Cast: Shock             |    52 |    61 |    74 |       ||   187
       Static Discharge  |     1 |    31 |    51 |    10 ||    93
       Swiftness         |       |     1 |     1 |       ||     2
       Airstrike         |       |       |    47 |     2 ||    49
  Use: Scroll            |     2 |       |     5 |     2 ||     9
       Potion            |     1 |       |       |     1 ||     2
 Stab: Sleeping          |     5 |     4 |     2 |       ||    11
Armor: Robe              |    16 |    33 |    17 |     9 ||    75
Dodge: Dodged            |    42 |    60 |    74 |    37 ||   213
